 Dungeon Crawl Stone Soup version 0.31.0-9-g3a7656b989 (webtiles) character file.

Game seed: 18336771440039701656

1923 qw the Skirmisher (level 8, -3/46 HPs)
             Began as a Deep Elf Hunter on Feb 2, 2024.
             Slain by Prince Ribbit (9 damage)
             ... on level 6 of the Dungeon.
             The game lasted 00:00:17 (3935 turns).

qw the Skirmisher (Deep Elf Hunter)                 Turns: 3935, Time: 00:00:17

Health: -3/46      AC:  8    Str: 10    XL:     8   Next: 96%
Magic:  10/10      EV: 14    Int: 15    God:
Gold:   113        SH:  0    Dex: 18    Spells: 7/7 levels left

rFire   + . .        e - +7 sling of Ymell {elec, rCorr}
rCold   . . .        (no shield)
rNeg    + . .        m - +2 leather armour {rF+}
rPois   +            (no helmet)
rElec   .            l - +1 cloak
rCorr   +            k - +0 pair of gloves
SInv    .            (no boots)
Will    .....        (no amulet)
Stlth   ++           j - ring of poison resistance
HPRegen 0.27/turn    a - ring of positive energy
MPRegen 0.12/turn

%: no passive effects
@: about to teleport
A: no striking features
a: no special abilities


You were on level 6 of the Dungeon.
You visited 1 branch of the dungeon, and saw 6 of its levels.

You collected 333 gold pieces.
You spent 220 gold pieces at shops.


   Skills:
 - Level 3.0 Fighting
 - Level 14.0 Ranged Weapons
 - Level 1.5 Armour
 + Level 5.5 Dodging
 - Level 1.2 Stealth


You had 7 spell levels left.
You didn't know any spells.
Your spell library was empty.

Inventory:

Hand Weapons
 e - the +7 sling of Ymell (weapon) {elec, rCorr}
   (You found it on level 3 of the Dungeon)

   rCorr:     It protects you from acid and corrosion.
Armour
 c - a +0 ring mail
 k - a +0 pair of gloves (worn)
 l - a +1 cloak (worn)
 m - a +2 leather armour of fire resistance (worn)
Jewellery
 a - a ring of positive energy (right hand)
 j - a ring of poison resistance (left hand)
Wands
 d - a wand of polymorph (12)
Potions
 b - a potion of might {unknown}
 g - a potion of curing
 h - 4 potions of heal wounds
 i - a potion of resistance {unknown}

Dungeon Overview and Level Annotations

Branches:
Dungeon (6/15)             Temple (0/1) D:6

Altars:
Fedhas
Kikubaaqudgha
Okawaru

Shops:
D:6 =

Annotations:
D:4 1 runed translucent door, qw's ghost, amateur SpHu
D:6 Prince Ribbit


Message History

The sling bullet barely misses Prince Ribbit.
The kobold shouts!
You shoot a sling bullet.
The sling bullet closely misses Prince Ribbit.
Prince Ribbit hits you!
You shoot a sling bullet.
The sling bullet closely misses Prince Ribbit.
The sling bullet hits the kobold brigand!
The kobold brigand is heavily wounded.
Prince Ribbit hits you!
You shoot a sling bullet. The sling bullet hits Prince Ribbit!
Lightning courses through Prince Ribbit!
Prince Ribbit is severely wounded.
A kobold comes into view. It is wielding a +0 whip.
Prince Ribbit hits you.
You shoot a sling bullet.
The sling bullet closely misses Prince Ribbit.
The sling bullet hits the kobold brigand!
The kobold brigand is almost dead.
Prince Ribbit hits you!
You shoot a sling bullet. The sling bullet misses Prince Ribbit.
The sling bullet hits the kobold brigand.
You kill the kobold brigand!
Prince Ribbit completely misses you.
You shoot a sling bullet.
The sling bullet barely misses Prince Ribbit.
The sling bullet hits the kobold!
You kill the kobold!
Prince Ribbit closely misses you.
You shoot a sling bullet. The sling bullet hits Prince Ribbit.
Prince Ribbit is severely wounded.
Prince Ribbit barely misses you.
You shoot a sling bullet. The sling bullet hits Prince Ribbit.
Prince Ribbit is severely wounded.
Prince Ribbit hits you!
3935 ||| READING scroll of teleportation.
As you read the scroll of teleportation, it crumbles to dust.
You feel strangely unstable. Prince Ribbit hits you!
You die...

... .#.####
#.....+........... ...
.# ###...##.......... .
#...#######.#### ..
#...# #..... ...
#...##### #.#..# )..
#.......#####... . ..
###.............
....#.###.....<.......##
.(..KKF@..#...........#
##.%.#K.##.....#########
## #..##......# #.. #..#
......# #.# ....
#.##...# #.# ...>. ..
...# #.# .#... ....$ #.#
##.# .... #.# #<#


You could see Prince Ribbit and 3 kobolds.

Vanquished Creatures
  Grinder (D:3)
  Sigmund (D:3)
  Eustachio (D:5)
  Menkaure (D:6)
  2 water moccasins
  An ice beast (D:5)
  A phantom (D:5)
  A kobold brigand (D:6)
  A bullfrog (D:5)
  2 scorpions (D:6)
  4 wights (D:6)
  2 bombardier beetles
  2 jellies
  A sleepcap (D:5)
  Jessica (D:3)
  3 iguanas
  3 orc wizards (D:5)
  3 adders (D:4)
  A shadow imp (D:5)
  2 ufetubi (D:4)
  A dart slug (D:4)
  3 ribbon worms
  10 orcs
  9 ball pythons
  A bat (D:1)
  8 endoplasms
  8 hobgoblins
  2 jackals (D:1)
  13 kobolds
  3 quokkas
  3 frilled lizards
  5 goblins
  6 rats
106 creatures vanquished.

Notes
Turn   | Place    | Note
-------+----------+-------------------------------------------
     0 | D:1      | qw the Deep Elf Hunter began the quest for the Orb.
     0 | D:1      | Reached XP level 1. HP: 12/12 MP: 3/3
     0 | D:1      | 0 ||| qw: Version: 0.3-a-155-g5e7d8dd
     0 | D:1      | 0 ||| qw: Game counter: 623
     0 | D:1      | 0 ||| qw: Melee chars always use a shield: true
     0 | D:1      | 0 ||| qw: God list: Okawaru
     0 | D:1      | 0 ||| qw: Allow faded altars: false
     0 | D:1      | 0 ||| qw: Do Orc after clearing Dungeon:15 true
     0 | D:1      | 0 ||| qw: Do second Lair branch before Depths: true
     0 | D:1      | 0 ||| qw: Lair rune preference: random
     0 | D:1      | 0 ||| qw: Goals: Normal
     0 | D:1      | 0 ||| PLANNING D:1-11
   188 | D:1      | Reached XP level 2. HP: 14/16 MP: 4/4
   284 | D:1      | Reached skill level 6 in Ranged Weapons
   838 | D:1      | 838 ||| READING 2 scrolls labelled UTROBUTAYZ.
   839 | D:1      | 839 ||| READING scroll labelled WAGGYJIELU.
   840 | D:1      | 840 ||| READING scroll labelled JOAGHI VIRER.
   840 | D:1      | 840 ||| IDENTIFYING fizzy black potion
   841 | D:1      | 841 ||| READING scroll labelled BUPSEILOSCH.
   942 | D:1      | 942 ||| DROPPING scroll of butterflies.
   943 | D:1      | 943 ||| DROPPING scroll of fog.
   944 | D:1      | 944 ||| DROPPING potion of brilliance.
  1007 | D:2      | Reached XP level 3. HP: 20/20 MP: 5/5
  1603 | D:2      | 1603 ||| READING scroll labelled XULLIBL ALOM.
  1606 | D:2      | 1606 ||| READING scroll labelled VIPAUT HEELIM.
  1606 | D:2      | 1606 ||| ENCHANTING +0 shortbow.
  1607 | D:2      | 1607 ||| DRINKING 2 brown potions.
  1637 | D:3      | Noticed Jessica
  1643 | D:3      | Killed Jessica
  1644 | D:3      | Reached skill level 7 in Ranged Weapons
  1644 | D:3      | Reached XP level 4. HP: 25/25 MP: 6/6
  1649 | D:3      | Found a faded altar of an unknown god.
  1655 | D:3      | Identified the +7 sling of Ymell {elec, rCorr}
  1657 | D:3      | 1657 ||| SWAPPING to +7 sling of Ymell {elec, rCorr}.
  1658 | D:3      | 1658 ||| DROPPING +0 shortbow.
  1834 | D:3      | Noticed Grinder
  1845 | D:3      | Killed Grinder
  1846 | D:3      | Reached skill level 9 in Ranged Weapons
  1846 | D:3      | Reached XP level 5. HP: 11/29 MP: 7/7
  1846 | D:3      | Reached XP level 6. HP: 13/34 MP: 8/8
  2022 | D:3      | Noticed Sigmund
  2027 | D:3      | Killed Sigmund
  2379 | D:3      | 2379 ||| UPGRADING to +0 pair of gloves.
  2384 | D:3      | 2384 ||| UPGRADING to ring of poison resistance.
  2385 | D:3      | 2385 ||| READING 2 scrolls of identify.
  2385 | D:3      | 2385 ||| IDENTIFYING fizzy brown potion
  2386 | D:3      | 2386 ||| READING scroll of identify.
  2386 | D:3      | 2386 ||| IDENTIFYING metallic silvery potion
  2387 | D:3      | 2387 ||| READING 2 scrolls labelled QAF YSEOZEW.
  2388 | D:3      | 2388 ||| READING scroll labelled JISOMN GERAGI.
  2389 | D:3      | 2389 ||| DRINKING 2 sapphire potions.
  2390 | D:3      | 2390 ||| DROPPING scroll of immolation.
  2391 | D:3      | 2391 ||| DROPPING potion of berserk rage.
  2392 | D:3      | 2392 ||| DROPPING potion of lignification.
  2417 | D:4      | Found a blossoming altar of Fedhas.
  2536 | D:4      | Reached XP level 7. HP: 40/40 MP: 9/9
  2688 | D:4      | Found a runed translucent door.
  2692 | D:4      | Noticed qw's ghost (amateur SpHu)
  2720 | D:4      | Reached skill level 10 in Ranged Weapons
  2919 | D:4      | 2919 ||| UPGRADING to +0 scale mail.
  2929 | D:4      | 2929 ||| DROPPING +0 leather armour.
  2944 | D:5      | Entered Level 5 of the Dungeon
  2949 | D:5      | 2949 ||| RETREEEEATING.
  2959 | D:5      | Reached skill level 1 in Armour
  3058 | D:5      | Found an iron altar of Okawaru.
  3059 | D:5      | 3059 ||| PLANNING OKAWARU WORSHIP
  3091 | D:5      | Found an ancient bone altar of Kikubaaqudgha.
  3137 | D:5      | Reached skill level 11 in Ranged Weapons
  3234 | D:5      | Noticed Eustachio
  3235 | D:5      | 3235 ||| DRINKING potion of haste.
  3250 | D:5      | Reached XP level 8. HP: 44/44 MP: 10/10
  3258 | D:5      | Killed Eustachio
  3259 | D:5      | Reached skill level 12 in Ranged Weapons
  3292 | D:5      | Reached skill level 3 in Fighting
  3448 | D:5      | 3448 ||| UPGRADING to +0 ring mail.
  3458 | D:5      | 3458 ||| DROPPING +0 scale mail.
  3459 | D:5      | 3459 ||| DRINKING 2 fizzy ruby potions.
  3460 | D:5      | 3460 ||| PLANNING D:1-11
  3542 | D:6      | 3542 ||| FLEEEEING.
  3543 | D:6      | 3543 ||| FLEEEEING.
  3595 | D:6      | Found Esydaih's Jewellery Shoppe.
  3618 | D:6      | 3618 ||| SHOPLISTING +5 ring of evasion (396 gold, have
                  | 296).
  3618 | D:6      | 3618 ||| SHOPLISTING amulet of reflection (330 gold, have
                  | 296).
  3618 | D:6      | 3618 ||| SHOPLISTING ring "Ischidowik" {rElec rF++ rCorr
                  | Slay+3 SInv} (751 gold, have 296).
  3618 | D:6      | 3618 ||| BUYING ring of positive energy (220 gold).
  3618 | D:6      | Bought a ring of positive energy for 220 gold pieces
  3618 | D:6      | 3618 ||| SHOPLISTING ring of protection from cold (275
                  | gold, have 76).
  3649 | D:6      | Reached skill level 13 in Ranged Weapons
  3703 | D:6      | Noticed Menkaure
  3706 | D:6      | Killed Menkaure
  3817 | D:6      | Reached skill level 14 in Ranged Weapons
  3905 | D:6      | Found a staircase to the Ecumenical Temple.
  3906 | D:6      | 3906 ||| PLANNING TEMPLE
  3906 | D:6      | 3906 ||| UPGRADING to +1 cloak.
  3911 | D:6      | 3911 ||| UPGRADING to +2 leather armour of fire resistance.
  3921 | D:6      | 3921 ||| UPGRADING to ring of positive energy.
  3923 | D:6      | Noticed Prince Ribbit
  3934 | D:6      | HP: 6/46 [Prince Ribbit (9)]
  3935 | D:6      | 3935 ||| READING scroll of teleportation.
  3935 | D:6      | Slain by Prince Ribbit

Levels and vault maps discovered:
D:1:      lightli_arrival_farm, layout_basic
D:2:      layout_basic
D:3:      minmay_evil_eye, layout_loops_ring,
          hellmonk_ecumenical_altar_lost_god, uniq_sigmund, uniq_jessica,
          uniq_grinder
D:4:      layout_gridville, fedhas_altar_2, hellmonk_ghost_happy_afterlife
D:5:      layout_rooms, nicolae_kikubaaqudgha_miasma_corner,
          general_overflow_altar, minmay_splitting_lines, uniq_eustachio
D:6:      layout_basic, minmay_temple_entry_wispy, serial_shops,
          nicolae_shop_waterfront, uniq_menkaure, uniq_prince_ribbit1

Skill      XL: |  1  2  3  4  5  6  7  8 |
---------------+-------------------------+-----
Ranged Weapons | 6 7 9 11 14 | 14.0
Dodging        | 4 5 |  5.5
Fighting       | 2 3 |  3.0
Armour         | 1 |  1.5
Stealth        | |  1.2

Action                     |  1- 3 |  4- 6 |  7- 9 || total
---------------------------+-------+-------+-------++-------
   Fire: Shortbow          |    97 |     1 |       ||    98
         Sling             |       |    60 |   123 ||   183
    Use: Scroll            |     6 |     4 |     1 ||    11
         Potion            |     1 |     1 |     2 ||     4
 Armour: Leather armour    |    24 |       |     7 ||    31
         Scale mail        |       |       |    18 ||    18
         Ring mail         |       |       |     6 ||     6
  Dodge: Dodged            |    28 |     2 |    16 ||    46

Table legend:
 A = Non-vault XP
 B = Vault XP
 C = Vault XP percentage of total XP
 D = Non-vault monster count
 E = Vault monster count
 F = Vault count percentage of total count
                 A         B        C        D         E       F
            +---------+---------+-------+---------+---------+-------
      Total |    1826 |     922 |  33.6 |      97 |       9 |   8.5
            +---------+---------+-------+---------+---------+-------
        D:1 |      33 |       0 |   0.0 |      20 |       0 |   0.0
        D:2 |      22 |       0 |   0.0 |      16 |       0 |   0.0
        D:3 |      34 |     562 |  94.3 |      16 |       7 |  30.4
        D:4 |     174 |       0 |   0.0 |      17 |       0 |   0.0
        D:5 |     757 |     188 |  19.9 |      14 |       1 |   6.7
        D:6 |     806 |     172 |  17.6 |      14 |       1 |   6.7
            +---------+---------+-------+---------+---------+-------
